 Dungeon Crawl Stone Soup version 0.23.0-3-gf3c87f2 (webtiles) character file.

Game seed: 2809705529703506535

5314 Lavandula the Grappler (level 10, -8/96 HPs)
             Began as a Troll Wanderer on Feb 20, 2019.
             Was an Initiate of Cheibriados.
             Mangled by a hornet (11 damage)
             ... while paralysed by a hornet
             ... on level 10 of the Dungeon.
             The game lasted 00:13:47 (6966 turns).

Lavandula the Grappler (Troll Wanderer)             Turns: 6966, Time: 00:13:48

Health: -8/96      AC:  8    Str: 30    XL:     10   Next: 37%
Magic:  9/9        EV:  1    Int:  7    God:    Cheibriados [......]
Gold:   486        SH:  0    Dex: 11    Spells: 9/9 levels left

rFire    . . .     SeeInvis .     - Unarmed
rCold    . . .     Gourm    +   (no shield)
rNeg     . . .     Faith    .   a - +2 robe
rPois    .         Spirit   .   (helmet restricted)
rElec    .         Reflect  .   (no cloak)
rCorr    .         Harm     .   (gloves unavailable)
MR       +....                  (boots unavailable)
Stlth    +.........             (no amulet)
HPRegen  0.66/turn              o - ring of protection from magic
MPRegen  0.11/turn              r - +3 ring of strength

@: paralysed, lethally poisoned (-8 -> -47), slowed, very slow
A: large, unfitting armour, claws 3, fast metabolism 3, gourmand, regeneration
1, shaggy fur 1, tough skin 3
a: Bend Time, Renounce Religion


You were on level 10 of the Dungeon.
You worshipped Cheibriados.
Cheibriados was noncommittal.
You were very full.

You visited 2 branches of the dungeon, and saw 11 of its levels.
You also visited: Sewer.

You collected 486 gold pieces.

Inventory:

Missiles
 q - 3 throwing nets
 t - 4 large rocks (quivered)
 A - 4 steel tomahawks
Armour
 a - a +2 robe (worn)
Jewellery
 e - an uncursed ring of stealth
 o - a ring of protection from magic (left claw)
 p - a +2 ring of dexterity
 r - a +3 ring of strength (right claw)
Wands
 h - a wand of disintegration (14)
 u - a wand of random effects (31)
 z - a wand of polymorph (5)
 F - a wand of iceblast (10)
 G - a wand of acid (10)
 H - a wand of enslavement (9)
 J - a wand of clouds (4)
Scrolls
 g - 5 scrolls of teleportation {unknown}
 j - 3 scrolls of amnesia {unknown}
 k - 2 scrolls of immolation {unknown}
 l - 3 scrolls of magic mapping {unknown}
 n - 9 scrolls of identify {unknown}
 s - 2 scrolls of fear {unknown}
 v - 2 scrolls of enchant weapon {unknown}
 w - a scroll of blinking {unknown}
 x - a scroll of fog {unknown}
 y - a scroll of vulnerability {unknown}
 B - a scroll of silence {unknown}
 N - a scroll of remove curse {unknown}
Potions
 b - 5 potions of lignification
 c - 6 potions of curing
 d - 2 potions of cancellation {unknown}
 i - 2 potions of flight {unknown}
 m - a potion of berserk rage {unknown}
 C - 2 potions of ambrosia {unknown}
 D - a potion of magic {unknown}
 E - a potion of mutation {unknown}
 I - a potion of invisibility {unknown}
 K - 3 potions of agility {unknown}
 L - a potion of heal wounds
 M - a potion of degeneration {unknown}
Comestibles
 f - 14 rations


   Skills:
 - Level 5.2 Fighting
   Level 2.6 Maces & Flails
 - Level 7.0 Throwing
 - Level 5.0 Dodging
   Level 1.0 Shields
 + Level 11.1 Unarmed Combat


You had 9 spell levels left.
You didn't know any spells.
Your spell library was empty.

Dungeon Overview and Level Annotations

Branches:
Dungeon (10/15)            Temple (1/1) D:6
   Lair: D:8-11         Orc: D:9-12

Altars:
Cheibriados
Elyvilon
Gozag
Hepliaklqana
Makhleb
Nemelex Xobeh
Qazlal
Sif Muna
Trog
Uskayaw
Vehumet
Xom
The Shining One

Shops:
D:10 !

Annotations:
D:5 Monsterracer's ghost, novice KoAr


Innate Abilities, Weirdness & Mutations

You are too large for most types of armour.
You have claws for hands.
Your metabolism is lightning-fast.
You like to eat raw meat.
Your natural rate of healing is unusually fast.
You are covered in fur. (AC +1)
You have extremely tough skin. (AC +3)


Message History

* * * LOW HITPOINT WARNING * * *
You are lethally poisoned!
You feel as though you will be slow longer.
Unknown command.
You closely miss the hornet. Your claw misses the hornet.
The hornet is almost dead.
* * * LOW HITPOINT WARNING * * *
You feel very sick. The hornet stings you!
* * * LOW HITPOINT WARNING * * *
You are more poisoned.
You suddenly lose the ability to move!
* * * LOW HITPOINT WARNING * * *
You feel very sick. The hornet stings you.
* * * LOW HITPOINT WARNING * * *
You are more poisoned.
You feel as though you will be slow longer.
The hornet stings you!
You die...

..........#.#............#
.###+###..#.#............'
#.....#..#.#)...........#
##. ####.(............#
###............#
##########+### ## #..
#.##### ##.###### #y@...#
#.......#
.......###.###.......#
....... #...........# #
....... #####.......###
..>.... ###..........
....... #....)....###
....... #.#.......#
....... #.#.#.....#
#..∩..##.##


You could see a hornet.

Vanquished Creatures
  A two-headed ogre (D:9)
  Prince Ribbit (D:5)
  A hungry ghost (D:8)
  6 yaks (D:9)
  Edmund (D:3)
  2 water moccasins
  Duvessa (D:5)
  An orc warrior (D:8)
  2 black bears
  A necrophage (D:7)
  An ice beast (D:5)
  2 phantoms
  2 sky beasts (D:8)
  2 ogres
  4 centaurs
  Blork the orc (D:4)
  A big kobold (D:9)
  2 bullfrogs
  Dowan (D:5)
  A water moccasin zombie (D:8)
  5 killer bees (D:9)
  2 crimson imps
  A bullfrog zombie (D:9)
  5 hounds
  A jelly (D:8)
  A bullfrog skeleton (D:6)
  An orc priest (D:10)
  An iguana (D:9)
  5 orc wizards
  Natasha (D:4)
  6 worker ants
  2 hound zombies
  3 hound skeletons
  2 howler monkey zombies
  12 adders
  7 gnolls
  A river rat (D:6)
  3 shadow imps
  10 oozes
  An adder zombie (D:6)
  2 adder skeletons
  2 worms
  2 dart slugs (D:2)
  14 leopard geckos (Sewer)
  20 orcs
  11 bats
  13 giant cockroaches
  6 goblins
  4 hobgoblins
  14 jackals
  6 quokkas
  11 ball pythons
  16 frilled lizards
  A giant cockroach zombie (D:6)
  17 kobolds
  2 quokka zombies
  16 rats
261 creatures vanquished.

Vanquished Creatures (others)
  A fungus (D:5)
  2 plants (D:5)
3 creatures vanquished.

Grand Total: 264 creatures vanquished

Notes
Turn   | Place    | Note
-------+----------+-------------------------------------------
     0 | D:1      | Lavandula the Troll Wanderer began the quest for the Orb.
     0 | D:1      | Lavandula set off with the following items: a +2 robe, a
                  | potion of lignification, a potion of curing, a +0 club, 2
                  | rations
     0 | D:1      | Reached XP level 1. HP: 16/16 MP: 0/0
    67 | D:1      | Reached skill level 1 in Unarmed Combat
   159 | D:1      | Reached XP level 2. HP: 24/24 MP: 1/1
   352 | D:1      | Reached skill level 2 in Unarmed Combat
   523 | D:2      | Reached XP level 3. HP: 31/31 MP: 2/2
   651 | D:2      | Noticed an ogre
   663 | D:2      | Killed an ogre
   663 | D:2      | Reached skill level 4 in Unarmed Combat
   663 | D:2      | Reached XP level 4. HP: 36/39 MP: 3/3
   761 | D:2      | Reached XP level 5. HP: 45/45 MP: 4/4
   774 | D:2      | Reached skill level 5 in Unarmed Combat
  1358 | D:3      | Found a white marble altar of Elyvilon.
  1962 | D:4      | Noticed Edmund
  1963 | D:4      | Noticed Natasha
  1964 | D:4      | Noticed an ogre
  2022 | D:3      | Killed Edmund
  2022 | D:3      | Reached skill level 6 in Unarmed Combat
  2022 | D:3      | Reached XP level 6. HP: 38/53 MP: 5/5
  2126 | D:4      | Noticed Blork the orc
  2135 | D:4      | Killed Blork the orc
  2190 | D:4      | Reached skill level 7 in Unarmed Combat
  2407 | D:4      | Killed Natasha
  2482 | D:4      | Reached XP level 7. HP: 48/59 MP: 6/6
  2578 | D:5      | Entered Level 5 of the Dungeon
  2578 | D:5      | Found a glowing golden altar of the Shining One.
  2649 | D:5      | Reached skill level 8 in Unarmed Combat
  2756 | D:5      | Noticed Prince Ribbit
  2763 | D:5      | Killed Prince Ribbit
  2763 | D:5      | Reached skill level 9 in Unarmed Combat
  2763 | D:5      | Reached XP level 8. HP: 40/67 MP: 7/7
  2861 | D:5      | Found a bloodstained altar of Trog.
  2861 | D:5      | Noticed Duvessa
  2865 | D:5      | Noticed Dowan
  2870 | D:5      | Killed Duvessa
  2880 | D:5      | Killed Dowan
  3038 | D:5      | Found a runed translucent gate.
  3038 | D:5      | Found a runed translucent gate.
  3038 | D:5      | Identified the +10 whip "Feweor" {chaos, rElec}
  3038 | D:5      | Noticed Monsterracer's ghost (novice KoAr)
  3040 | D:5      | Found a runed translucent gate.
  3242 | D:6      | Reached skill level 10 in Unarmed Combat
  3267 | D:6      | Found a glowing drain.
  3288 | Sewer    | Entered a sewer
  3562 | Sewer    | Reached skill level 1 in Fighting
  3740 | D:6      | Found a staircase to the Ecumenical Temple.
  3940 | D:6      | Found a burning altar of Makhleb.
  4471 | D:7      | Reached XP level 9. HP: 77/85 MP: 8/8
  4578 | D:7      | Found a stormy altar of Qazlal.
  4754 | D:7      | Reached skill level 5 in Fighting
  5522 | D:8      | Reached skill level 11 in Unarmed Combat
  5710 | D:8      | Found an opulent altar of Gozag.
  5873 | D:9      | Noticed a two-headed ogre
  6104 | D:9      | Killed a two-headed ogre
  6132 | D:9      | Found a shimmering altar of Xom.
  6148 | D:9      | Reached skill level 5 in Throwing
  6267 | D:9      | Reached XP level 10. HP: 61/96 MP: 9/9
  6693 | Temple   | Entered the Ecumenical Temple
  6710 | Temple   | Became a worshipper of Cheibriados the Contemplative
  6794 | D:10     | Entered Level 10 of the Dungeon
  6849 | D:10     | Reached skill level 5 in Dodging
  6935 | D:10     | Found Jutteot's Distillery.
  6961 | D:10     | Paralysed by a hornet for 3 turns
  6965 | D:10     | Paralysed by a hornet for 2 turns
  6966 | D:10     | HP: 3/96 [hornet (4)]
  6966 | D:10     | Mangled by a hornet

Skill      XL: |  1  2  3  4  5  6  7  8  9 10 |
---------------+-------------------------------+-----
Unarmed Combat | 1 2 4 6 7 9 10 11 | 11.1
Fighting       | 4 5 |  5.2
Throwing       | 5 7 |  7.0
Dodging        | 5 |  5.0
Maces & Flails | |  2.6
Shields        | |  1.0

Action                   |  1- 3 |  4- 6 |  7- 9 | 10-12 || total
-------------------------+-------+-------+-------+-------++-------
Melee: Unarmed           |    84 |   175 |   403 |    79 ||   741
       Club              |     7 |       |       |       ||     7
       Punch             |     1 |     3 |     8 |     7 ||    19
Throw: Large rock        |       |     4 |     3 |       ||     7
 Stab: Sleeping          |     2 |     3 |     2 |       ||     7
  Eat: Chunk             |     5 |    16 |    33 |    14 ||    68
       Ration            |       |       |     3 |       ||     3
Armor: Robe              |    40 |    68 |   129 |    17 ||   254
Dodge: Dodged            |    61 |    85 |   206 |    33 ||   385
